AoeStats
← Sakuneti Le-Preckson

Arabia

508327548Analyzed
2v2 RM · 10d ago on Sep 21, 2026· 52m 24s· 4 players
Game mode
Random Map
Map size
Medium (4 player)
Population
200
Speed
Normal
Resources
Standard
Victory
Conquest
Starting age
Dark Age
Ending age
Imperial Age
RankedLock teamsTeams togetherTeam positionsShared explorationLock speedFull tech treeHidden civsTurbo modeCheats
Victory
Defeat
🇨🇱 Vikings · Chile
942
+14
🇪🇸 Magyars · Spain
908
+15
🇨🇱 Magyars · Chile
903
-36
🇨🇱 Turks · Chile
880
-33
Sakuneti Le-Preckson
9:16 Loom
13:35 Feudal Age
14:03 Double-Bit Axe
14:38 Horse Collar
16:48 Wheelbarrow
17:10 Bloodlines
17:24 Scale Barding Armor
23:01 Castle Age
24:31 Heavy Plow
24:42 Bow Saw
24:38 Gold Mining
25:21 Chain Barding Armor
24:23 Light Cavalry
27:21 Fletching
28:06 Hand Cart
27:37 Town Watch
29:34 Bodkin Arrow
32:19 Imperial Age
30:18 Padded Archer Armor
34:10 Chemistry
33:12 Bracer
34:47 Two-Man Saw
35:13 Leather Archer Armor
35:01 Town Patrol
35:50 Thumb Ring
36:37 Fervor
36:47 Sanctity
37:18 Gold Shaft Mining
36:37 Stone Mining
37:25 Heavy Cavalry Archer
38:59 Ballistics
39:38 Parthian Tactics
39:21 Husbandry
40:28 Recurve Bow
40:37 Siege Engineers
41:34 Crop Rotation
42:38 Conscription
42:55 Hoardings
43:14 Ring Archer Armor
45:34 Murder Holes
47:12 Elite Magyar Huszar
48:19 Corvinian Army
50:51 Plate Barding Armor
50:01 Treadmill Crane
Kanito
14:05 Feudal Age
15:24 Horse Collar
17:14 Forging
16:25 Man-at-Arms
17:18 Double-Bit Axe
20:00 Scale Barding Armor
32:09 Castle Age
30:24 Scale Mail Armor
30:34 Stone Mining
34:20 Heavy Plow
34:06 Crossbowman
35:33 Squires
34:56 Long Swordsman
36:22 Bow Saw
36:12 Gambesons
36:29 Murder Holes
36:39 Light Cavalry
40:03 Chain Mail Armor
45:23 Pikeman
47:56 Chieftains
51:59 Imperial Age
52:07 Heavy Scorpion
52:13 Two-Handed Swordsman
MoyCross
10:27 Feudal Age
11:13 Double-Bit Axe
12:18 Bloodlines
13:01 Bloodlines
17:01 Horse Collar
22:16 Wheelbarrow
24:46 Loom
28:58 Castle Age
27:34 Fletching
27:50 Scale Barding Armor
29:58 Stone Mining
29:58 Gold Mining
31:37 Chain Barding Armor
31:13 Bodkin Arrow
34:09 Man-at-Arms
35:22 Hand Cart
35:33 Scale Mail Armor
38:13 Bow Saw
38:19 Heavy Plow
40:40 Padded Archer Armor
43:15 Gold Shaft Mining
43:02 Long Swordsman
43:31 Arson
43:08 Elite Skirmisher
44:17 Treadmill Crane
44:58 Ballistics
47:26 Imperial Age
45:08 Husbandry
44:29 Light Cavalry
46:21 Corvinian Army
47:17 Chain Mail Armor
47:17 Leather Archer Armor
48:43 Plate Barding Armor
48:09 Bracer
47:33 Cavalier
47:50 Hussar
50:09 Conscription
49:53 Heavy Cavalry Archer
50:58 Parthian Tactics
fabo.ooo.o
10:25 Feudal Age
12:06 Horse Collar
12:56 Double-Bit Axe
20:07 Castle Age
20:14 Wheelbarrow
20:03 Gold Mining
21:59 Bow Saw
22:01 Heavy Plow
25:42 Padded Archer Armor
25:33 Fletching
25:53 Fletching
27:50 Stone Mining
29:55 Thumb Ring
31:29 Ballistics
31:27 Leather Archer Armor
31:08 Bodkin Arrow
34:49 Gold Shaft Mining
36:25 Wheelbarrow
40:22 Imperial Age
39:49 Hand Cart
40:16 Husbandry
40:27 Bloodlines
42:42 Parthian Tactics
41:50 Heavy Cavalry Archer
44:10 Ring Archer Armor
43:40 Bracer
44:56 Conscription
45:11 Sipahi
48:53 Capped Ram
Connection lost

Rejoining the realm…

Still unreachable

The connection could not be restored.

Session expired

The server has moved on; the page needs a fresh start.